 Dungeon Crawl Stone Soup version 0.31.0-1-g2c135a008e (webtiles) character file.

Game seed: 3712008847409140438

44 Peloso the Trooper (level 3, 0/34 HPs)
             Began as a Minotaur Fighter on Jan 20, 2024.
             Slain by a gnoll
             ... wielding a +0 spear
              (2 damage)
             ... on level 2 of the Dungeon.
             The game lasted 00:02:52 (660 turns).

Peloso the Trooper (Minotaur Fighter)                Turns: 660, Time: 00:02:53

Health: 0/34       AC:  8    Str: 20    XL:     3   Next: 39%
Magic:  2/2        EV:  9    Int:  5    God:
Gold:   109        SH:  4    Dex: 11    Spells: 2/2 levels left

rFire   . . .        a - +0 long sword
rCold   . . .        d - +0 buckler
rNeg    . . .        b - +0 scale mail
rPois   .            (helmet restricted)
rElec   .            c - +0 cloak
rCorr   .            (no gloves)
SInv    .            (no boots)
Will    .....        (no amulet) Stlth
                     (no ring)
HPRegen 0.25/turn    (no ring)
MPRegen 0.08/turn

%: no passive effects
@: no status effects
A: horns 2, retaliatory headbutt
a: no special abilities


You were on level 2 of the Dungeon.
You visited 1 branch of the dungeon, and saw 2 of its levels.

You collected 109 gold pieces.

Inventory:

Hand Weapons
 a - a +0 long sword (weapon)
Armour
 b - a +0 scale mail (worn)
 c - a +0 cloak (worn)
 d - a +0 buckler (worn)
Jewellery
 e - a ring of ice
 i - a ring of see invisible
 l - a ring of magical power
Talismans
 f - a beast talisman
Scrolls
 g - a scroll of fog {unknown}
Potions
 j - 2 potions of might


   Skills:
 + Level 4.3 Fighting
 + Level 2.9 Long Blades
 + Level 4.1 Armour
 + Level 1.0 Dodging
 + Level 3.8 Shields


You had 2 spell levels left.
You didn't know any spells.
Your spell library was empty.

Dungeon Overview and Level Annotations

Branches:
Dungeon (2/15)

Altars:

Annotations:
D:2 1 runed translucent door, Crazy Yiuf


Innate Abilities, Weirdness & Mutations

You have a pair of horns on your head.
You reflexively headbutt those who attack you in melee.


Message History

The gnoll barely misses you. The gnoll hits you but does no damage.
The gnoll attacks as it pursues you! The gnoll hits you but does no damage.
You block the gnoll's attack.
Unknown command.
You slash the gnoll! You headbutt the gnoll.
The gnoll is heavily wounded.
The gnoll hits you with a +0 whip. The gnoll hits you but does no damage.
The gnoll hits you from afar with a +0 spear.
You block the gnoll's attack.
You hit the gnoll but do no damage.
The gnoll is heavily wounded.
The gnoll hits you from afar with a +0 spear.
The gnoll hits you with a +0 whip.
You slash the gnoll!
You kill the gnoll!
You block the gnoll's attack.
The gnoll hits you but does no damage. x2
You block the gnoll's attack.
Your Dodging skill increases to level 1!
The gnoll hits you with a +0 club.
Things that are here:
a +0 whip; a gnoll corpse Unknown command.
The gnoll attacks as it pursues you! The gnoll hits you with a +0 club.
The gnoll attacks as it pursues you! The gnoll hits you with a +0 club.
You barely miss the gnoll. The gnoll hits you with a +0 spear.
The gnoll misses you. You furiously retaliate!
You headbutt the gnoll. You closely miss the gnoll.
Your headbutt misses the gnoll. You block the gnoll's attack.
The gnoll closely misses you.
You closely miss the gnoll. The gnoll closely misses you.
The gnoll barely misses you. x2; The gnoll completely misses you.
You closely miss the gnoll.
The gnoll hits you but does no damage. x2
You completely miss the gnoll. The gnoll hits you with a +0 spear!
* * * LOW HITPOINT WARNING * * *
The gnoll hits you with a +0 club.
* * * LOW HITPOINT WARNING * * *
You hit the gnoll.
The gnoll is moderately wounded.
The gnoll hits you with a +0 spear.
You die...

##.. #... .#
##################
##...#..
#.......)....#...
....#.##
#.###...#.##g#.# #......
#...#.g@...#######...###
#...####...#............
#...# ##.##.#........#.
#...# #.##.#.##.#...#.
##### #....#.##....>#.
####.#.###......
##...........#.
#....####.##.#. #....#
#.##.#.


You could see 2 gnolls.

Vanquished Creatures
  A gnoll (D:2)
  3 bats (D:1)
  An endoplasm (D:1)
  2 giant cockroaches (D:1)
  A goblin (D:1)
  3 hobgoblins (D:1)
  6 jackals (D:1)
  6 kobolds (D:1)
  2 quokkas (D:1)
  2 frilled lizards (D:1)
  3 rats (D:1)
30 creatures vanquished.

Notes
Turn   | Place    | Note
-------+----------+-------------------------------------------
     0 | D:1      | Peloso the Minotaur Fighter began the quest for the Orb.
     0 | D:1      | Reached XP level 1. HP: 19/19 MP: 0/0
   112 | D:1      | Reached XP level 2. HP: 27/27 MP: 1/1
   375 | D:1      | Reached XP level 3. HP: 34/34 MP: 2/2
   616 | D:2      | Found a runed translucent door.
   617 | D:2      | Noticed Crazy Yiuf
   649 | D:2      | Reached skill level 1 in Dodging
   659 | D:2      | HP: 1/34 [gnoll/+0 club (3)]
   660 | D:2      | Slain by a gnoll

Illustrated notes

Levels and vault maps discovered:
D:1:      tekkud_arrival_beachfront_property, layout_rooms
D:2:      layout_basic, nicolae_nh_oracle_at_delphi, uniq_crazy_yiuf_cottage

Skill      XL: |  1  2  3 |
---------------+----------+-----
Armour         | 4 |  4.1
Fighting       | 4 |  4.3
Dodging        | 1 |  1.0
Long Blades    | |  2.9
Shields        | |  3.8

Action                     || total
---------------------------++-------
  Melee: Long sword        ||    59
         Headbutt          ||     8
    Use: Potion            ||     2
 Armour: Scale mail        ||    78
  Dodge: Dodged            ||    63
  Block: Buckler           ||    20
   Form: Beast             ||     1
                           ||     1
